[ AOE2 MATCH · #477129735 ]
UnrankedBurgundians vs Spanish
[ REPLAY ANALYSIS · EXTRACTED FROM THE RECORDED GAME ]
Feudal
11:46
Castle
15:59
Imperial
30:53
| APM avg | 19.5 |
| APM peak | 43 |
| eAPM avg | 12.8 |
| Villagers / military | 134 / 572 |
Focus
⚔️ 42.3% · 🌾 57.7%
Scout Cavalry ×226 · Knight ×142 · Hand Cannoneer ×63 · Coustillier ×61 · Spearman ×60 · Trade Cart ×30
Feudal
11:37
Castle
14:57
Imperial
—
| APM avg | 42.2 |
| APM peak | 100 |
| eAPM avg | 15.8 |
| Villagers / military | 143 / 208 |
Focus
⚔️ 25.4% · 🌾 74.6%
Conquistador ×206 · Monk ×2
Feudal
11:36
Castle
16:02
Imperial
32:12
| APM avg | 21.2 |
| APM peak | 42 |
| eAPM avg | 13.9 |
| Villagers / military | 123 / 806 |
Focus
⚔️ 46.7% · 🌾 53.3%
Skirmisher ×387 · Militia ×254 · Spearman ×125 · Trade Cart ×33 · Gbeto ×17 · Hand Cannoneer ×15
Feudal
13:55
Castle
17:31
Imperial
21:34
| APM avg | 51.0 |
| APM peak | 145 |
| eAPM avg | 21.6 |
| Villagers / military | 104 / 377 |
Focus
⚔️ 48.3% · 🌾 51.7%
Knight ×138 · Scout Cavalry ×114 · Camel Scout ×108 · Bombard Cannon ×17
Feudal
11:59
Castle
16:12
Imperial
30:48
| APM avg | 28.0 |
| APM peak | 55 |
| eAPM avg | 20.8 |
| Villagers / military | 169 / 470 |
Focus
⚔️ 55.0% · 🌾 45.0%
Spearman ×248 · War Wagon ×124 · Militia ×42 · Scout Cavalry ×31 · Iron Pagoda ×12 · Trebuchet (Packed) ×11
Feudal
11:04
Castle
16:11
Imperial
34:32
| APM avg | 35.3 |
| APM peak | 111 |
| eAPM avg | 11.0 |
| Villagers / military | 100 / 159 |
Focus
⚔️ 29.3% · 🌾 70.7%
Knight ×156 · Trade Cart ×11 · Trebuchet (Packed) ×3
Feudal
10:56
Castle
14:30
Imperial
55:44
| APM avg | 33.5 |
| APM peak | 89 |
| eAPM avg | 19.9 |
| Villagers / military | 193 / 323 |
Focus
⚔️ 26.5% · 🌾 73.5%
Camel Scout ×147 · Scout Cavalry ×136 · Monk ×30 · Mameluke ×5 · Mangonel ×3 · Trebuchet (Packed) ×2
Feudal
10:57
Castle
14:27
Imperial
40:49
| APM avg | 37.5 |
| APM peak | 103 |
| eAPM avg | 19.6 |
| Villagers / military | 246 / 350 |
Focus
⚔️ 32.3% · 🌾 67.7%
Spearman ×170 · Hand Cannoneer ×141 · Trade Cart ×22 · Conquistador ×12 · Bombard Cannon ×9 · Missionary ×6
Match map
Initial resources + every placement click. Lines = walls · curves = elevation contours. ◆ gold · ⬟ stone · ● berries · ✦ relic · ◌ wall gap
Your base· ✓ Closed at 15:59 · 0t walls · 2 gate(s)
leozizu's base· ✓ Closed at 14:57 · 0t walls · 3 gate(s)
PJtheDcoy's base· ✓ Closed at 16:02 · 0t walls · 3 gate(s)
goi1337's base· ✓ Closed at 17:31 · 0t walls · 2 gate(s)
Pepelu_wins's base· ✓ Closed at 16:12 · 0t walls · 2 gate(s)
Fr4ggi's base· ✓ Closed at 16:11 · 0t walls · 3 gate(s)
massimo_oddo's base· ✓ Closed at 14:30 · 0t walls · 2 gate(s)
Quando's base· ✓ Closed at 14:27 · 0t walls · 2 gate(s)
Smoothed initial terrain · ◌ = detected wall gap · hover for details
Inputs per minute
— Relief - - leozizu
Build order — Relief
First 150 of 574 actions detected
| 0:00 | Queue | Villager (Male) |
| 0:01 | Queue | Villager (Male) |
| 0:03 | Build | House |
| 0:05 | Build | House |
| 0:26 | Queue | Villager (Male) |
| 0:26 | Queue | Villager (Male) |
| 1:31 | Queue | Villager (Male) |
| 1:45 | Build | Lumber Camp |
| 2:03 | Queue | Villager (Male) |
| 2:26 | Queue | Villager (Male) |
| 2:52 | Queue | Villager (Male) |
| 3:06 | Queue | Villager (Male) |
| 3:44 | Queue | Villager (Male) |
| 3:55 | Build | House |
| 3:58 | Build | House |
| 4:03 | Queue | Villager (Male) |
| 4:17 | Build | Mill |
| 4:31 | Queue | Villager (Male) |
| 4:58 | Queue | Villager (Male) |
| 5:14 | Queue | Villager (Male) |
| 5:36 | Queue | Villager (Male) |
| 5:37 | Queue | Villager (Male) |
| 5:58 | Queue | Villager (Male) |
| 6:19 | Build | Farm |
| 6:24 | Build | Farm |
| 6:26 | Build | Farm |
| 6:32 | Queue | Villager (Male) |
| 6:56 | Queue | Villager (Male) |
| 7:10 | Build | Farm |
| 7:12 | Queue | Villager (Male) |
| 7:41 | Build | House |
| 7:53 | Queue | Villager (Male) |
| 7:57 | Queue | Villager (Male) |
| 7:57 | Queue | Villager (Male) |
| 8:02 | Build | Mining Camp |
| 9:04 | Research | Feudal Age |
| 9:34 | Build | Mining Camp |
| 9:40 | Queue | Villager (Male) |
| 9:40 | Queue | Villager (Male) |
| 11:46 | Age | Feudal Age |
| 11:48 | Build | Market |
| 11:53 | Build | Blacksmith |
| 12:45 | Build | House |
| 13:07 | Build | Farm |
| 13:15 | Build | Farm |
| 13:18 | Build | Farm |
| 13:19 | Research | Castle Age |
| 13:41 | Build | Farm |
| 14:01 | Queue | Villager (Male) |
| 14:06 | Research | Double-Bit Axe |
| 14:08 | Research | Horse Collar |
| 14:32 | Research | Bow Saw |
| 15:40 | Queue | Villager (Male) |
| 15:59 | Age | Castle Age |
| 16:39 | Build | Monastery |
| 16:55 | Queue | Villager (Male) |
| 16:55 | Queue | Villager (Male) |
| 17:00 | Build | House |
| 17:08 | Build | Castle |
| 17:11 | Queue | Villager (Male) |
| 17:22 | Queue | Monk |
| 17:24 | Queue | Monk |
| 17:39 | Queue | Villager (Male) |
| 17:42 | Build | House |
| 17:56 | Build | Town Center |
| 18:00 | Queue | Villager (Male) |
| 18:15 | Build | House |
| 18:17 | Build | House |
| 18:40 | Queue | Villager (Male) |
| 19:00 | Build | Town Center |
| 19:01 | Queue | Villager (Male) |
| 19:01 | Queue | Villager (Male) |
| 19:11 | Queue | Villager (Male) |
| 19:20 | Build | House |
| 19:29 | Build | House |
| 19:34 | Build | House |
| 19:38 | Queue | Villager (Male) |
| 19:38 | Queue | Villager (Male) |
| 19:39 | Queue | Villager (Male) |
| 19:42 | Build | Farm |
| 19:48 | Build | Farm |
| 19:54 | Build | Farm |
| 19:58 | Queue | Villager (Male) |
| 19:58 | Queue | Villager (Male) |
| 20:06 | Build | Farm |
| 20:11 | Build | House |
| 20:25 | Build | Farm |
| 20:31 | Build | Farm |
| 20:34 | Build | Farm |
| 20:37 | Build | Farm |
| 20:38 | Queue | Villager (Male) |
| 20:38 | Queue | Villager (Male) |
| 20:40 | Build | House |
| 20:50 | Queue | Coustillier |
| 21:18 | Queue | Coustillier |
| 21:18 | Queue | Coustillier |
| 21:18 | Queue | Coustillier |
| 21:23 | Queue | Villager (Male) |
| 21:24 | Queue | Villager (Male) |
| 21:25 | Queue | Villager (Male) |
| 21:33 | Queue | Villager (Male) |
| 21:33 | Queue | Villager (Male) |
| 21:41 | Build | Farm |
| 21:44 | Build | Farm |
| 21:46 | Queue | Villager (Male) |
| 21:46 | Queue | Villager (Male) |
| 21:49 | Build | House |
| 21:51 | Build | Barracks |
| 21:55 | Build | Farm |
| 22:00 | Build | Farm |
| 22:04 | Queue | Villager (Male) |
| 22:04 | Queue | Villager (Male) |
| 22:05 | Research | Loom |
| 22:10 | Build | Farm |
| 22:23 | Build | Farm |
| 22:29 | Build | Farm |
| 22:35 | Build | Farm |
| 22:36 | Queue | Villager (Male) |
| 22:36 | Queue | Villager (Male) |
| 22:54 | Queue | Coustillier |
| 22:55 | Queue | Coustillier |
| 23:28 | Build | Farm |
| 23:32 | Build | Farm |
| 23:38 | Build | Stable |
| 23:41 | Queue | Villager (Male) |
| 23:42 | Queue | Villager (Male) |
| 23:42 | Queue | Villager (Male) |
| 23:43 | Research | Wheelbarrow |
| 23:52 | Build | Lumber Camp |
| 23:55 | Research | Two-Man Saw |
| 23:57 | Queue | Villager (Male) |
| 23:58 | Queue | Villager (Male) |
| 23:58 | Queue | Villager (Male) |
| 24:09 | Build | Farm |
| 24:14 | Build | Farm |
| 24:16 | Build | Farm |
| 24:18 | Queue | Villager (Male) |
| 24:18 | Queue | Villager (Male) |
| 24:51 | Research | Cavalier (upgrade) |
| 24:53 | Research | Husbandry |
| 24:57 | Build | Stable |
| 24:59 | Queue | Villager (Male) |
| 24:59 | Queue | Villager (Male) |
| 25:14 | Queue | Villager (Male) |
| 25:15 | Queue | Villager (Male) |
| 25:15 | Queue | Villager (Male) |
| 25:16 | Queue | Villager (Male) |
| 25:17 | Queue | Villager (Male) |
| 25:33 | Build | Lumber Camp |
| 26:31 | Queue | Villager (Male) |
Build order — leozizu
First 150 of 302 actions detected
| 0:02 | Queue | Villager (Male) ×4 |
| 0:04 | Build | House |
| 0:05 | Build | House |
| 0:07 | Build | House |
| 0:08 | Build | House |
| 1:31 | Queue | Villager (Male) |
| 2:09 | Queue | Villager (Male) |
| 2:19 | Build | Lumber Camp |
| 2:24 | Queue | Villager (Male) |
| 2:54 | Queue | Villager (Male) |
| 3:17 | Queue | Villager (Male) |
| 4:03 | Queue | Villager (Male) |
| 4:04 | Queue | Villager (Male) |
| 4:54 | Queue | Villager (Male) |
| 4:57 | Queue | Villager (Male) |
| 5:28 | Queue | Villager (Male) |
| 6:02 | Queue | Villager (Male) |
| 6:17 | Queue | Villager (Male) |
| 6:32 | Queue | Villager (Male) |
| 6:52 | Queue | Villager (Male) |
| 7:18 | Build | Mining Camp |
| 7:23 | Queue | Villager (Male) |
| 7:23 | Queue | Villager (Male) |
| 7:30 | Build | Mill |
| 8:12 | Queue | Villager (Male) |
| 9:27 | Research | Feudal Age |
| 9:49 | Build | House |
| 10:22 | Research | Loom |
| 10:23 | Queue | Villager (Male) |
| 11:00 | Build | Mining Camp |
| 11:37 | Age | Feudal Age |
| 11:38 | Build | Blacksmith |
| 11:40 | Build | Market |
| 12:17 | Research | Castle Age |
| 12:42 | Research | Double-Bit Axe |
| 12:45 | Research | Horse Collar |
| 13:33 | Build | Farm |
| 13:41 | Build | Farm |
| 13:56 | Build | Farm |
| 14:27 | Build | Farm |
| 14:48 | Queue | Villager (Male) |
| 14:57 | Age | Castle Age |
| 15:26 | Build | Castle |
| 15:37 | Build | Mining Camp |
| 15:39 | Queue | Villager (Male) |
| 15:39 | Queue | Villager (Male) |
| 15:47 | Build | Farm |
| 16:16 | Build | Farm |
| 16:35 | Queue | Conquistador |
| 17:02 | Build | Farm |
| 17:05 | Queue | Conquistador |
| 17:36 | Build | Farm |
| 18:09 | Queue | Conquistador |
| 18:12 | Queue | Villager (Male) |
| 18:15 | Build | Farm |
| 18:23 | Build | Farm |
| 18:27 | Queue | Villager (Male) |
| 18:46 | Queue | Conquistador |
| 19:07 | Build | Farm |
| 19:13 | Build | Farm |
| 19:18 | Queue | Conquistador |
| 20:09 | Build | Stone Wall |
| 20:17 | Build | Stone Wall |
| 20:29 | Queue | Conquistador ×2 |
| 21:09 | Queue | Villager (Male) |
| 21:35 | Queue | Conquistador |
| 21:40 | Queue | Villager (Male) |
| 22:13 | Research | Fletching |
| 22:14 | Queue | Villager (Male) |
| 22:20 | Build | Farm |
| 22:22 | Build | Farm |
| 22:40 | Queue | Conquistador |
| 23:22 | Queue | Conquistador |
| 23:45 | Queue | Villager (Male) |
| 23:46 | Queue | Villager (Male) |
| 24:22 | Queue | Villager (Male) |
| 24:22 | Queue | Villager (Male) |
| 24:22 | Queue | Villager (Male) |
| 24:50 | Research | Bodkin Arrow |
| 24:54 | Queue | Villager (Male) |
| 25:04 | Build | Castle |
| 25:22 | Queue | Conquistador |
| 25:32 | Queue | Conquistador |
| 26:20 | Queue | Villager (Male) ×4 |
| 26:24 | Build | Mining Camp |
| 26:30 | Build | Mining Camp |
| 26:38 | Queue | Conquistador |
| 26:51 | Research | Padded Archer Armor |
| 26:58 | Build | Farm |
| 27:03 | Build | Farm |
| 27:33 | Queue | Conquistador |
| 27:36 | Queue | Villager (Male) |
| 28:21 | Queue | Villager (Male) |
| 28:22 | Queue | Villager (Male) |
| 28:54 | Queue | Conquistador |
| 28:59 | Research | Leather Archer Armor |
| 29:16 | Queue | Conquistador |
| 29:31 | Queue | Villager (Male) ×5 |
| 29:56 | Queue | Conquistador |
| 30:32 | Build | Mining Camp |
| 30:48 | Queue | Conquistador ×3 |
| 30:57 | Build | Castle |
| 31:27 | Build | Mining Camp |
| 31:45 | Queue | Conquistador ×2 |
| 31:50 | Build | Farm |
| 33:19 | Queue | Conquistador ×5 |
| 33:40 | Queue | Conquistador ×4 |
| 33:45 | Queue | Conquistador ×2 |
| 33:51 | Build | Farm |
| 33:57 | Build | Farm |
| 34:05 | Queue | Conquistador |
| 34:19 | Build | Gate |
| 34:26 | Build | Monastery |
| 34:43 | Queue | Villager (Male) |
| 34:44 | Queue | Villager (Male) |
| 34:57 | Queue | Monk |
| 34:58 | Queue | Monk |
| 35:31 | Queue | Conquistador ×5 |
| 35:49 | Queue | Conquistador |
| 36:06 | Queue | Conquistador |
| 36:32 | Queue | Conquistador ×2 |
| 37:21 | Build | Gate |
| 37:23 | Build | Gate |
| 37:24 | Build | Gate |
| 37:26 | Build | Gate |
| 37:59 | Queue | Conquistador ×5 |
| 38:09 | Queue | Conquistador ×2 |
| 38:16 | Queue | Villager (Male) |
| 38:18 | Build | Farm |
| 38:21 | Build | Farm |
| 38:54 | Queue | Conquistador ×3 |
| 39:04 | Build | House |
| 39:06 | Build | House |
| 39:07 | Build | House |
| 39:08 | Build | House |
| 39:08 | Build | House |
| 39:10 | Build | House |
| 39:12 | Build | House |
| 39:13 | Build | House |
| 39:42 | Queue | Conquistador ×3 |
| 40:08 | Queue | Conquistador ×2 |
| 40:46 | Queue | Conquistador ×4 |
| 41:34 | Queue | Conquistador ×3 |
| 41:43 | Build | Stone Wall |
| 42:06 | Queue | Conquistador ×3 |
| 42:17 | Build | Farm |
| 42:17 | Build | Farm |
| 42:17 | Build | Farm |
| 42:18 | Build | Farm |
| 42:18 | Build | Farm |
Build order — PJtheDcoy
First 150 of 487 actions detected
| 0:01 | Queue | Villager (Male) |
| 0:01 | Queue | Villager (Male) |
| 0:01 | Queue | Villager (Male) |
| 0:02 | Queue | Villager (Male) |
| 0:03 | Build | House |
| 0:04 | Build | House |
| 1:25 | Queue | Villager (Male) |
| 1:44 | Build | Lumber Camp |
| 2:04 | Queue | Villager (Male) |
| 2:19 | Queue | Villager (Male) |
| 2:51 | Queue | Villager (Male) |
| 3:09 | Queue | Villager (Male) |
| 3:23 | Build | House |
| 3:45 | Queue | Villager (Male) |
| 4:03 | Queue | Villager (Male) |
| 4:30 | Queue | Villager (Male) |
| 4:50 | Queue | Villager (Male) |
| 5:09 | Build | House |
| 5:22 | Queue | Villager (Male) |
| 5:34 | Queue | Villager (Male) |
| 5:46 | Queue | Villager (Male) |
| 5:47 | Queue | Villager (Male) |
| 5:59 | Build | Mill |
| 7:00 | Build | Mining Camp |
| 7:21 | Queue | Villager (Male) |
| 7:21 | Queue | Villager (Male) |
| 7:23 | Queue | Villager (Male) |
| 7:23 | Queue | Villager (Male) |
| 7:24 | Queue | Villager (Male) |
| 8:19 | Build | House |
| 8:38 | Build | Mining Camp |
| 8:58 | Research | Feudal Age |
| 9:35 | Build | House |
| 10:09 | Queue | Villager (Male) |
| 10:09 | Queue | Villager (Male) |
| 11:36 | Age | Feudal Age |
| 11:36 | Build | Farm |
| 11:37 | Build | Farm |
| 11:44 | Build | Market |
| 11:53 | Build | Blacksmith |
| 12:06 | Build | Farm |
| 12:07 | Queue | Villager (Male) |
| 12:08 | Research | Loom |
| 12:21 | Build | Farm |
| 12:22 | Build | Farm |
| 13:00 | Build | House |
| 13:22 | Research | Castle Age |
| 14:09 | Build | Barracks |
| 14:17 | Research | Double-Bit Axe |
| 14:19 | Research | Horse Collar |
| 15:12 | Build | Farm |
| 15:12 | Build | Farm |
| 15:13 | Build | Farm |
| 15:13 | Build | Farm |
| 15:16 | Build | Farm |
| 16:02 | Age | Castle Age |
| 16:10 | Build | Castle |
| 16:59 | Queue | Villager (Male) |
| 16:59 | Queue | Villager (Male) |
| 17:09 | Research | Wheelbarrow |
| 17:12 | Research | Squires |
| 17:21 | Research | Scale Mail Armor |
| 17:27 | Build | Farm |
| 17:34 | Build | Farm |
| 17:36 | Build | Farm |
| 17:37 | Build | Farm |
| 17:47 | Build | Mill |
| 18:00 | Queue | Gbeto |
| 18:00 | Queue | Gbeto |
| 18:05 | Build | Farm |
| 18:08 | Queue | Villager (Male) |
| 18:14 | Queue | Villager (Male) |
| 18:30 | Queue | Gbeto |
| 18:43 | Queue | Gbeto |
| 19:00 | Build | Siege Workshop |
| 19:17 | Queue | Villager (Male) |
| 19:18 | Queue | Gbeto |
| 19:18 | Queue | Gbeto |
| 20:07 | Queue | Gbeto |
| 20:07 | Queue | Gbeto |
| 20:08 | Queue | Gbeto |
| 20:29 | Queue | Gbeto |
| 20:29 | Queue | Gbeto |
| 20:44 | Queue | Villager (Male) |
| 20:45 | Queue | Villager (Male) |
| 20:45 | Queue | Villager (Male) |
| 21:30 | Queue | Villager (Male) |
| 21:30 | Queue | Villager (Male) |
| 21:37 | Research | Arson |
| 22:11 | Queue | Gbeto |
| 22:11 | Queue | Gbeto |
| 22:28 | Queue | Villager (Male) |
| 22:29 | Queue | Villager (Male) |
| 22:36 | Build | Town Center |
| 22:47 | Build | Town Center |
| 22:49 | Queue | Villager (Male) ×5 |
| 23:20 | Queue | Battering Ram |
| 23:20 | Queue | Battering Ram |
| 23:58 | Research | Hand Cart |
| 24:15 | Queue | Gbeto |
| 24:15 | Queue | Gbeto |
| 28:03 | Queue | Villager (Male) ×5 |
| 28:04 | Queue | Villager (Male) |
| 28:09 | Build | Farm |
| 28:09 | Build | Farm |
| 28:12 | Build | Farm |
| 28:12 | Build | Farm |
| 29:02 | Research | Imperial Age |
| 29:04 | Queue | Villager (Male) ×5 |
| 29:04 | Queue | Villager (Male) |
| 29:30 | Queue | Gbeto |
| 29:30 | Queue | Gbeto |
| 29:47 | Research | Heavy Plow |
| 29:49 | Research | Bow Saw |
| 29:51 | Queue | Villager (Male) ×5 |
| 29:51 | Queue | Villager (Male) |
| 30:02 | Build | House |
| 30:03 | Build | House |
| 30:03 | Build | House |
| 30:06 | Build | House |
| 30:07 | Build | House |
| 30:08 | Build | House |
| 30:09 | Build | House |
| 30:17 | Build | House |
| 30:18 | Build | House |
| 30:18 | Build | House |
| 30:19 | Build | House |
| 30:27 | Build | Castle |
| 30:36 | Build | Farm |
| 30:38 | Build | Farm |
| 30:46 | Build | Farm |
| 31:34 | Research | Gold Mining |
| 31:34 | Research | Stone Mining |
| 31:42 | Build | Archery Range |
| 31:44 | Build | Archery Range |
| 31:46 | Research | Fletching |
| 31:46 | Research | Padded Archer Armor |
| 31:49 | Queue | Villager (Male) ×5 |
| 31:50 | Queue | Villager (Male) |
| 32:12 | Age | Imperial Age |
| 32:19 | Research | Bodkin Arrow |
| 32:20 | Research | Forging |
| 32:21 | Research | Chain Mail Armor |
| 32:28 | Build | University |
| 32:35 | Queue | Villager (Male) ×5 |
| 32:35 | Queue | Villager (Male) |
| 32:41 | Build | Archery Range |
| 32:58 | Build | Archery Range |
| 33:16 | Build | Farm |
| 33:18 | Build | Farm |
Build order — goi1337
First 150 of 639 actions detected
| 0:01 | Queue | Villager (Male) |
| 0:02 | Queue | Villager (Male) |
| 0:02 | Queue | Villager (Male) |
| 0:02 | Queue | Villager (Male) |
| 0:03 | Build | House |
| 0:05 | Build | House |
| 1:30 | Queue | Villager (Male) |
| 1:47 | Build | Lumber Camp |
| 2:01 | Queue | Villager (Male) |
| 2:26 | Queue | Villager (Male) |
| 2:52 | Queue | Villager (Male) |
| 3:12 | Queue | Villager (Male) |
| 3:43 | Queue | Villager (Male) |
| 3:53 | Build | House |
| 4:11 | Queue | Villager (Male) |
| 4:11 | Queue | Villager (Male) |
| 4:19 | Build | Mill |
| 4:30 | Build | House |
| 4:53 | Queue | Villager (Male) |
| 4:53 | Queue | Villager (Male) |
| 5:22 | Queue | Villager (Male) |
| 5:27 | Build | House |
| 6:12 | Build | House |
| 6:20 | Queue | Villager (Male) |
| 6:20 | Queue | Villager (Male) |
| 6:21 | Queue | Villager (Male) |
| 6:34 | Queue | Villager (Male) |
| 7:16 | Build | House |
| 7:19 | Queue | Villager (Male) |
| 7:28 | Build | Lumber Camp |
| 7:29 | Queue | Villager (Male) |
| 7:30 | Queue | Villager (Male) |
| 7:30 | Queue | Villager (Male) |
| 7:30 | Queue | Villager (Male) |
| 7:59 | Queue | Villager (Male) |
| 7:59 | Queue | Villager (Male) |
| 8:06 | Build | Mining Camp |
| 8:14 | Queue | Villager (Male) |
| 8:15 | Queue | Villager (Male) |
| 10:32 | Build | Farm |
| 10:37 | Build | Farm |
| 10:42 | Build | Farm |
| 10:55 | Build | Farm |
| 11:00 | Build | Farm |
| 11:03 | Build | Farm |
| 11:04 | Build | Farm |
| 11:05 | Build | Farm |
| 11:11 | Research | Feudal Age |
| 11:47 | Queue | Villager (Male) |
| 11:48 | Queue | Villager (Male) |
| 13:55 | Age | Feudal Age |
| 13:59 | Build | Blacksmith |
| 14:02 | Build | Market |
| 14:23 | Build | Farm |
| 14:51 | Research | Castle Age |
| 15:18 | Build | Farm |
| 15:48 | Build | Farm |
| 15:49 | Build | Farm |
| 16:03 | Build | Mining Camp |
| 16:31 | Build | House |
| 16:32 | Build | House |
| 16:51 | Queue | Villager (Male) |
| 17:31 | Age | Castle Age |
| 17:38 | Build | Siege Workshop |
| 17:47 | Build | Monastery |
| 18:24 | Research | Imperial Age |
| 18:33 | Build | House |
| 18:34 | Build | House |
| 18:36 | Build | House |
| 18:58 | Build | Town Center |
| 19:04 | Research | Double-Bit Axe |
| 19:18 | Research | Horse Collar |
| 19:40 | Build | House |
| 19:41 | Build | House |
| 19:47 | Build | Stone Wall |
| 19:48 | Build | Stone Wall |
| 19:53 | Build | Gate |
| 19:55 | Queue | Villager (Male) |
| 19:55 | Queue | Villager (Male) |
| 19:55 | Queue | Villager (Male) |
| 20:21 | Queue | Villager (Male) |
| 20:21 | Queue | Villager (Male) |
| 21:09 | Queue | Villager (Male) |
| 21:16 | Research | Wheelbarrow |
| 21:34 | Age | Imperial Age |
| 21:35 | Queue | Bombard Cannon |
| 21:48 | Queue | Villager (Male) |
| 21:49 | Queue | Villager (Male) |
| 21:57 | Build | Farm |
| 21:58 | Build | Farm |
| 22:02 | Queue | Villager (Male) |
| 22:11 | Queue | Bombard Cannon |
| 22:44 | Queue | Villager (Male) |
| 22:45 | Queue | Villager (Male) |
| 23:04 | Queue | Bombard Cannon |
| 23:20 | Queue | Villager (Male) |
| 23:20 | Queue | Villager (Male) |
| 23:25 | Build | House |
| 23:26 | Build | House |
| 23:27 | Build | House |
| 23:28 | Queue | Villager (Male) |
| 23:29 | Queue | Villager (Male) |
| 23:33 | Build | Mining Camp |
| 24:05 | Build | Barracks |
| 24:06 | Queue | Villager (Male) |
| 24:06 | Queue | Villager (Male) |
| 24:15 | Queue | Villager (Male) |
| 24:16 | Queue | Villager (Male) |
| 24:43 | Queue | Bombard Cannon |
| 24:57 | Queue | Villager (Male) |
| 24:57 | Queue | Villager (Male) |
| 25:10 | Build | Stable |
| 25:42 | Queue | Villager (Male) |
| 25:42 | Queue | Villager (Male) |
| 25:42 | Queue | Villager (Male) |
| 25:43 | Queue | Villager (Male) |
| 25:55 | Build | House |
| 25:57 | Build | House |
| 26:07 | Build | Mill |
| 26:19 | Queue | Villager (Male) |
| 26:19 | Queue | Villager (Male) |
| 26:27 | Build | Stable |
| 26:29 | Build | Stable |
| 26:40 | Research | Husbandry |
| 26:42 | Research | Bloodlines |
| 26:47 | Build | Farm |
| 26:48 | Build | Farm |
| 26:49 | Build | Farm |
| 26:50 | Build | Farm |
| 26:51 | Queue | Villager (Male) |
| 26:58 | Queue | Villager (Male) |
| 27:01 | Queue | Villager (Male) |
| 27:01 | Queue | Villager (Male) |
| 27:02 | Queue | Villager (Male) |
| 27:24 | Build | Farm |
| 27:49 | Build | Mining Camp |
| 27:53 | Research | Cavalier (upgrade) |
| 28:03 | Build | House |
| 28:04 | Build | House |
| 28:05 | Queue | Villager (Male) |
| 28:05 | Queue | Villager (Male) |
| 28:16 | Queue | Knight |
| 28:16 | Queue | Knight |
| 28:31 | Build | Farm |
| 28:37 | Build | Farm |
| 28:56 | Queue | Knight |
| 28:56 | Queue | Knight |
| 28:57 | Queue | Knight |
| 28:57 | Queue | Knight |
| 29:14 | Queue | Knight |
Build order — Pepelu_wins
First 150 of 829 actions detected
| 0:38 | Queue | Villager (Male) |
| 0:38 | Queue | Villager (Male) |
| 0:38 | Queue | Villager (Male) |
| 0:39 | Build | House |
| 0:41 | Build | House |
| 0:59 | Queue | Villager (Male) |
| 2:18 | Queue | Villager (Male) |
| 2:40 | Queue | Villager (Male) |
| 2:56 | Queue | Villager (Male) |
| 3:18 | Queue | Villager (Male) |
| 3:29 | Queue | Villager (Male) |
| 3:47 | Build | House |
| 3:48 | Build | House |
| 4:03 | Build | Lumber Camp |
| 4:05 | Queue | Villager (Male) |
| 4:10 | Queue | Villager (Male) |
| 4:32 | Queue | Villager (Male) |
| 4:48 | Queue | Villager (Male) |
| 4:59 | Queue | Villager (Male) |
| 5:32 | Queue | Villager (Male) |
| 5:34 | Build | House |
| 5:44 | Queue | Villager (Male) |
| 6:07 | Build | House |
| 6:15 | Queue | Villager (Male) |
| 6:39 | Build | House |
| 7:13 | Build | Mining Camp |
| 7:20 | Queue | Villager (Male) |
| 7:52 | Queue | Villager (Male) |
| 7:52 | Queue | Villager (Male) |
| 7:52 | Queue | Villager (Male) |
| 8:12 | Queue | Villager (Male) |
| 8:13 | Queue | Villager (Male) |
| 9:29 | Build | Mill |
| 9:44 | Research | Feudal Age |
| 10:36 | Build | Farm |
| 10:37 | Build | Farm |
| 10:39 | Build | Farm |
| 10:40 | Build | Farm |
| 10:46 | Build | Farm |
| 10:47 | Build | Farm |
| 10:53 | Queue | Villager (Male) |
| 10:53 | Queue | Villager (Male) |
| 11:59 | Age | Feudal Age |
| 12:28 | Build | Market |
| 12:33 | Build | Blacksmith |
| 12:41 | Research | Loom |
| 13:32 | Research | Castle Age |
| 13:47 | Build | Mining Camp |
| 14:15 | Research | Horse Collar |
| 14:17 | Research | Double-Bit Axe |
| 14:34 | Research | Gold Mining |
| 14:36 | Research | Stone Mining |
| 14:40 | Queue | Villager (Male) |
| 15:13 | Queue | Villager (Male) |
| 15:37 | Queue | Villager (Male) |
| 16:12 | Age | Castle Age |
| 16:21 | Queue | Villager (Male) |
| 16:28 | Build | Town Center |
| 16:40 | Build | Town Center |
| 16:47 | Queue | Villager (Male) |
| 17:46 | Queue | Villager (Male) |
| 17:47 | Queue | Villager (Male) |
| 17:49 | Queue | Villager (Male) |
| 17:50 | Queue | Villager (Male) |
| 17:50 | Queue | Villager (Male) |
| 18:01 | Build | Farm |
| 18:03 | Build | Farm |
| 18:04 | Build | Farm |
| 18:13 | Build | Farm |
| 18:14 | Queue | Villager (Male) |
| 18:15 | Queue | Villager (Male) |
| 18:15 | Queue | Villager (Male) |
| 18:15 | Queue | Villager (Male) |
| 18:24 | Build | Farm |
| 18:31 | Build | House |
| 18:32 | Build | House |
| 18:33 | Build | House |
| 18:34 | Build | House |
| 18:38 | Queue | Villager (Male) |
| 18:55 | Queue | Villager (Male) |
| 19:01 | Build | Farm |
| 19:06 | Build | Farm |
| 19:08 | Queue | Villager (Male) |
| 19:12 | Queue | Villager (Male) |
| 19:26 | Queue | Villager (Male) |
| 19:34 | Queue | Villager (Male) |
| 19:40 | Build | House |
| 19:40 | Build | House |
| 19:42 | Build | House |
| 19:43 | Build | House |
| 19:53 | Build | Farm |
| 19:55 | Queue | Villager (Male) |
| 19:56 | Queue | Villager (Male) |
| 19:56 | Queue | Villager (Male) |
| 20:00 | Build | Farm |
| 20:01 | Build | Farm |
| 20:05 | Queue | Villager (Male) |
| 20:28 | Queue | Villager (Male) |
| 20:29 | Queue | Villager (Male) |
| 20:40 | Build | Castle |
| 20:47 | Queue | Villager (Male) |
| 20:56 | Build | Farm |
| 20:58 | Build | Farm |
| 20:59 | Build | Farm |
| 21:01 | Queue | Villager (Male) |
| 21:01 | Queue | Villager (Male) |
| 21:01 | Queue | Villager (Male) |
| 21:05 | Build | House |
| 21:06 | Build | House |
| 21:07 | Build | House |
| 21:10 | Queue | Villager (Male) |
| 21:18 | Queue | Villager (Male) |
| 21:30 | Build | Farm |
| 21:32 | Build | Farm |
| 21:36 | Queue | Villager (Male) |
| 21:40 | Queue | Villager (Male) |
| 21:50 | Build | Lumber Camp |
| 21:54 | Queue | Villager (Male) |
| 21:59 | Queue | Villager (Male) |
| 22:03 | Build | House |
| 22:04 | Build | House |
| 22:08 | Queue | Villager (Male) |
| 22:21 | Queue | Villager (Male) |
| 22:21 | Queue | Villager (Male) |
| 22:35 | Queue | Villager (Male) |
| 22:35 | Queue | Villager (Male) |
| 22:41 | Queue | Villager (Male) |
| 22:48 | Queue | Villager (Male) |
| 22:52 | Build | Farm |
| 22:53 | Build | Farm |
| 22:54 | Build | Farm |
| 23:16 | Build | Mining Camp |
| 23:16 | Queue | War Wagon |
| 23:17 | Queue | War Wagon |
| 23:17 | Queue | War Wagon |
| 23:24 | Research | Fletching |
| 23:29 | Build | University |
| 23:32 | Queue | Villager (Male) |
| 23:32 | Queue | Villager (Male) |
| 23:33 | Queue | Villager (Male) |
| 23:45 | Queue | Villager (Male) |
| 23:46 | Queue | Villager (Male) |
| 23:54 | Build | Mining Camp |
| 23:57 | Build | Farm |
| 23:59 | Queue | Villager (Male) |
| 23:59 | Queue | Villager (Male) |
| 24:02 | Queue | War Wagon |
| 24:46 | Queue | War Wagon |
| 24:54 | Research | Ballistics |
| 25:01 | Queue | Villager (Male) |
Build order — Fr4ggi
First 150 of 327 actions detected
| 0:03 | Build | House |
| 0:04 | Queue | Villager (Male) |
| 0:04 | Queue | Villager (Male) |
| 0:07 | Build | House |
| 0:36 | Queue | Villager (Male) |
| 0:36 | Queue | Villager (Male) |
| 0:57 | Queue | Villager (Male) |
| 1:33 | Queue | Villager (Male) |
| 1:47 | Build | Lumber Camp |
| 2:05 | Queue | Villager (Male) |
| 2:25 | Queue | Villager (Male) |
| 2:58 | Queue | Villager (Male) |
| 3:26 | Queue | Villager (Male) |
| 4:01 | Queue | Villager (Male) |
| 4:11 | Build | Mill |
| 4:37 | Build | House |
| 5:01 | Queue | Villager (Male) |
| 5:02 | Queue | Villager (Male) |
| 5:02 | Queue | Villager (Male) |
| 5:35 | Queue | Villager (Male) |
| 5:40 | Queue | Villager (Male) |
| 5:51 | Build | House |
| 5:57 | Queue | Villager (Male) |
| 6:41 | Build | Farm |
| 6:54 | Build | Farm |
| 7:06 | Queue | Villager (Male) |
| 7:27 | Queue | Villager (Male) |
| 7:48 | Build | Farm |
| 7:53 | Queue | Villager (Male) |
| 8:18 | Queue | Villager (Male) |
| 8:19 | Queue | Villager (Male) |
| 8:31 | Research | Feudal Age |
| 8:42 | Build | Mining Camp |
| 9:17 | Build | Barracks |
| 9:23 | Build | House |
| 10:46 | Build | Mill |
| 10:53 | Build | Farm |
| 10:54 | Queue | Villager (Male) |
| 11:04 | Age | Feudal Age |
| 11:18 | Queue | Villager (Male) |
| 11:38 | Build | Stable |
| 11:48 | Queue | Villager (Male) |
| 11:52 | Queue | Villager (Male) |
| 12:09 | Build | House |
| 12:32 | Queue | Villager (Male) |
| 12:38 | Build | Farm |
| 12:58 | Build | Blacksmith |
| 13:13 | Queue | Villager (Male) |
| 13:24 | Build | House |
| 13:45 | Research | Castle Age |
| 13:59 | Build | Farm |
| 14:01 | Queue | Villager (Male) |
| 14:09 | Research | Bloodlines |
| 14:24 | Build | Lumber Camp |
| 14:39 | Research | Scale Barding Armor |
| 14:54 | Build | Farm |
| 14:54 | Build | Farm |
| 14:55 | Build | Farm |
| 15:25 | Build | House |
| 15:29 | Research | Forging |
| 16:04 | Build | Farm |
| 16:05 | Build | Farm |
| 16:07 | Build | House |
| 16:09 | Queue | Villager (Male) |
| 16:11 | Age | Castle Age |
| 16:20 | Queue | Knight |
| 16:38 | Build | Farm |
| 16:47 | Queue | Villager (Male) |
| 17:18 | Build | Town Center |
| 17:22 | Queue | Villager (Male) |
| 17:24 | Research | Wheelbarrow |
| 17:33 | Build | Farm |
| 17:41 | Queue | Knight |
| 17:55 | Research | Gold Mining |
| 18:19 | Research | Double-Bit Axe |
| 18:21 | Research | Horse Collar |
| 18:31 | Queue | Knight |
| 18:43 | Queue | Villager (Male) |
| 18:50 | Queue | Villager (Male) |
| 19:11 | Queue | Villager (Male) |
| 19:22 | Queue | Villager (Male) |
| 19:23 | Queue | Villager (Male) |
| 19:26 | Queue | Villager (Male) |
| 19:28 | Build | Farm |
| 19:46 | Build | Farm |
| 19:47 | Queue | Villager (Male) |
| 20:04 | Queue | Villager (Male) |
| 20:05 | Queue | Villager (Male) |
| 20:26 | Build | House |
| 20:29 | Build | Farm |
| 20:31 | Queue | Villager (Male) |
| 20:55 | Queue | Villager (Male) |
| 20:59 | Build | Farm |
| 21:00 | Build | Farm |
| 21:01 | Build | Farm |
| 21:04 | Build | Farm |
| 21:06 | Queue | Villager (Male) |
| 21:08 | Queue | Villager (Male) |
| 21:12 | Build | Farm |
| 21:14 | Build | Farm |
| 21:18 | Build | House |
| 21:19 | Build | House |
| 21:26 | Build | Stable |
| 21:35 | Build | Siege Workshop |
| 21:43 | Build | Farm |
| 21:48 | Research | Bow Saw |
| 22:01 | Research | Hand Cart |
| 22:02 | Queue | Villager (Male) |
| 22:11 | Queue | Villager (Male) |
| 22:11 | Queue | Villager (Male) |
| 22:21 | Build | House |
| 22:27 | Research | Heavy Plow |
| 22:37 | Queue | Knight |
| 22:41 | Build | Farm |
| 22:43 | Queue | Villager (Male) |
| 22:50 | Queue | Villager (Male) |
| 22:52 | Queue | Villager (Male) |
| 22:59 | Build | Farm |
| 23:05 | Build | Farm |
| 23:25 | Build | University |
| 23:31 | Build | House |
| 23:35 | Queue | Villager (Male) |
| 23:36 | Queue | Villager (Male) |
| 23:39 | Build | Farm |
| 23:44 | Queue | Villager (Male) |
| 24:14 | Build | Farm |
| 24:29 | Build | Farm |
| 24:31 | Queue | Villager (Male) |
| 24:44 | Build | Farm |
| 24:45 | Build | Farm |
| 24:53 | Queue | Knight |
| 24:53 | Queue | Knight |
| 24:58 | Build | Stable |
| 25:09 | Build | Farm |
| 25:12 | Research | Chain Barding Armor |
| 25:13 | Research | Iron Casting |
| 25:34 | Research | Husbandry |
| 25:47 | Queue | Knight |
| 25:48 | Queue | Knight |
| 26:14 | Build | Mining Camp |
| 26:19 | Build | Farm |
| 26:31 | Queue | Knight |
| 26:31 | Queue | Knight |
| 26:31 | Queue | Knight |
| 26:47 | Queue | Knight |
| 27:15 | Queue | Knight |
| 27:50 | Queue | Knight |
| 28:17 | Queue | Knight |
| 28:49 | Queue | Knight |
| 28:49 | Queue | Knight |
Build order — massimo_oddo
First 150 of 568 actions detected
| 0:01 | Queue | Villager (Male) ×4 |
| 0:03 | Build | House |
| 0:04 | Build | House |
| 1:12 | Queue | Villager (Male) |
| 1:12 | Queue | Villager (Male) |
| 1:54 | Queue | Villager (Male) |
| 1:55 | Queue | Villager (Male) |
| 2:19 | Build | Lumber Camp |
| 2:21 | Queue | Villager (Male) |
| 2:21 | Queue | Villager (Male) |
| 2:45 | Queue | Villager (Male) |
| 2:45 | Queue | Villager (Male) |
| 2:57 | Queue | Villager (Male) |
| 3:32 | Queue | Villager (Male) |
| 3:32 | Queue | Villager (Male) |
| 3:49 | Build | House |
| 4:03 | Queue | Villager (Male) |
| 4:04 | Queue | Villager (Male) |
| 4:34 | Build | Mill |
| 4:44 | Queue | Villager (Male) |
| 4:47 | Queue | Villager (Male) |
| 4:48 | Queue | Villager (Male) |
| 5:11 | Queue | Villager (Male) |
| 5:13 | Queue | Villager (Male) |
| 5:25 | Build | House |
| 5:35 | Queue | Villager (Male) |
| 5:36 | Queue | Villager (Male) |
| 5:36 | Queue | Villager (Male) |
| 6:08 | Queue | Villager (Male) |
| 6:26 | Queue | Villager (Male) |
| 6:42 | Queue | Villager (Male) |
| 7:04 | Queue | Villager (Male) |
| 7:17 | Queue | Villager (Male) |
| 8:14 | Build | Mining Camp |
| 8:23 | Research | Loom |
| 8:24 | Research | Feudal Age |
| 8:51 | Build | Farm |
| 8:53 | Build | Farm |
| 9:51 | Research | Loom |
| 10:16 | Build | Farm |
| 10:47 | Queue | Villager (Male) |
| 10:56 | Age | Feudal Age |
| 10:58 | Build | Market |
| 11:00 | Build | Blacksmith |
| 11:07 | Queue | Villager (Male) |
| 11:30 | Build | Farm |
| 11:32 | Build | Farm |
| 11:37 | Build | Mining Camp |
| 11:50 | Research | Castle Age |
| 11:51 | Research | Castle Age |
| 11:57 | Build | House |
| 12:22 | Research | Double-Bit Axe |
| 12:22 | Research | Double-Bit Axe |
| 12:22 | Research | Double-Bit Axe |
| 12:27 | Build | House |
| 12:47 | Research | Horse Collar |
| 13:39 | Research | Gold Mining |
| 13:47 | Queue | Villager (Male) |
| 13:48 | Queue | Villager (Male) |
| 14:26 | Queue | Villager (Male) |
| 14:30 | Age | Castle Age |
| 14:44 | Research | Bow Saw |
| 15:10 | Build | Castle |
| 15:18 | Build | Monastery |
| 15:20 | Queue | Villager (Male) |
| 15:25 | Queue | Villager (Male) |
| 15:37 | Queue | Villager (Male) |
| 15:46 | Build | Lumber Camp |
| 15:59 | Build | House |
| 16:03 | Build | Farm |
| 16:04 | Queue | Villager (Male) |
| 16:25 | Queue | Monk |
| 16:27 | Queue | Villager (Male) |
| 16:30 | Build | Farm |
| 16:58 | Build | House |
| 17:00 | Queue | Monk |
| 17:02 | Queue | Mameluke |
| 17:03 | Queue | Mameluke |
| 17:05 | Queue | Villager (Male) |
| 17:08 | Build | Farm |
| 17:09 | Build | Farm |
| 17:10 | Build | Farm |
| 17:17 | Queue | Villager (Male) |
| 17:47 | Queue | Villager (Male) |
| 17:52 | Build | House |
| 17:52 | Queue | Villager (Male) |
| 17:55 | Build | Siege Workshop |
| 18:00 | Build | Siege Workshop |
| 18:16 | Queue | Villager (Male) |
| 18:29 | Queue | Villager (Male) |
| 18:32 | Build | House |
| 18:42 | Queue | Mangonel |
| 18:46 | Build | Farm |
| 18:49 | Build | Farm |
| 18:53 | Build | Farm |
| 18:54 | Queue | Villager (Male) |
| 19:08 | Build | House |
| 19:09 | Build | House |
| 19:09 | Queue | Villager (Male) |
| 19:14 | Build | House |
| 19:15 | Build | House |
| 19:16 | Queue | Villager (Male) |
| 19:30 | Build | Stone Wall |
| 19:35 | Build | Stone Wall |
| 19:37 | Queue | Villager (Male) |
| 19:43 | Queue | Mangonel |
| 19:45 | Build | Farm |
| 19:49 | Build | Farm |
| 19:50 | Queue | Villager (Male) |
| 19:52 | Queue | Villager (Male) |
| 20:17 | Build | House |
| 20:25 | Queue | Mameluke |
| 20:25 | Queue | Mameluke |
| 20:34 | Build | House |
| 20:39 | Build | House |
| 20:43 | Queue | Villager (Male) |
| 21:06 | Build | House |
| 21:08 | Queue | Villager (Male) |
| 21:12 | Build | House |
| 21:20 | Build | House |
| 21:57 | Queue | Mangonel |
| 22:28 | Queue | Villager (Male) |
| 23:42 | Build | House |
| 25:17 | Build | House |
| 25:18 | Build | House |
| 25:47 | Queue | Villager (Male) |
| 25:47 | Queue | Villager (Male) |
| 25:48 | Queue | Villager (Male) |
| 25:48 | Queue | Villager (Male) |
| 26:29 | Build | Stone Wall |
| 26:45 | Build | Palisade Wall |
| 27:50 | Queue | Mameluke |
| 28:34 | Build | House |
| 28:44 | Build | House |
| 29:34 | Build | Lumber Camp |
| 30:22 | Build | Stone Wall |
| 30:48 | Queue | Monk |
| 30:50 | Research | Herbal Medicine |
| 31:06 | Build | Town Center |
| 31:26 | Build | Stone Wall |
| 31:32 | Build | Stone Wall |
| 32:30 | Queue | Villager (Male) |
| 32:31 | Queue | Villager (Male) |
| 32:33 | Queue | Villager (Male) |
| 32:33 | Queue | Villager (Male) |
| 33:13 | Queue | Villager (Male) |
| 33:30 | Build | Stone Wall |
| 33:31 | Build | Stone Wall |
| 33:32 | Build | Stone Wall |
| 33:45 | Queue | Villager (Male) |
Build order — Quando
First 150 of 632 actions detected
| 0:00 | Queue | Villager (Male) |
| 0:00 | Queue | Villager (Male) |
| 0:01 | Queue | Villager (Male) |
| 0:01 | Queue | Villager (Male) |
| 0:02 | Build | House |
| 0:03 | Build | House |
| 1:37 | Queue | Villager (Male) |
| 1:49 | Build | Lumber Camp |
| 2:01 | Queue | Villager (Male) |
| 2:32 | Queue | Villager (Male) |
| 2:33 | Queue | Villager (Male) |
| 2:59 | Queue | Villager (Male) |
| 3:26 | Queue | Villager (Male) |
| 3:53 | Build | House |
| 3:54 | Build | House |
| 3:55 | Build | House |
| 4:02 | Queue | Villager (Male) |
| 4:31 | Queue | Villager (Male) |
| 4:40 | Queue | Villager (Male) |
| 5:02 | Queue | Villager (Male) |
| 5:20 | Build | Mill |
| 5:36 | Queue | Villager (Male) |
| 5:41 | Queue | Villager (Male) |
| 5:55 | Queue | Villager (Male) |
| 6:17 | Build | Farm |
| 6:20 | Build | Farm |
| 7:04 | Queue | Villager (Male) |
| 7:26 | Queue | Villager (Male) |
| 7:26 | Queue | Villager (Male) |
| 7:37 | Build | Mining Camp |
| 8:00 | Queue | Villager (Male) |
| 8:34 | Build | Mining Camp |
| 8:38 | Research | Feudal Age |
| 9:32 | Queue | Villager (Male) |
| 9:32 | Queue | Villager (Male) |
| 10:57 | Age | Feudal Age |
| 11:02 | Build | Market |
| 11:04 | Build | Blacksmith |
| 11:44 | Research | Castle Age |
| 12:06 | Research | Double-Bit Axe |
| 12:14 | Build | House |
| 12:19 | Build | House |
| 12:32 | Research | Horse Collar |
| 12:48 | Build | Farm |
| 13:13 | Research | Loom |
| 14:21 | Build | Farm |
| 14:23 | Queue | Villager (Male) |
| 14:27 | Age | Castle Age |
| 14:43 | Build | Castle |
| 14:44 | Build | Mining Camp |
| 14:57 | Queue | Villager (Male) |
| 15:00 | Research | Bow Saw |
| 15:25 | Queue | Villager (Male) |
| 15:27 | Build | Farm |
| 15:29 | Build | Farm |
| 15:41 | Build | Farm |
| 15:43 | Build | Farm |
| 15:46 | Build | Farm |
| 15:47 | Queue | Villager (Male) |
| 16:02 | Queue | Conquistador |
| 16:12 | Build | Monastery |
| 16:18 | Queue | Conquistador |
| 16:35 | Queue | Villager (Male) |
| 16:51 | Queue | Villager (Male) |
| 16:54 | Build | Farm |
| 16:57 | Build | Farm |
| 17:05 | Queue | Monk |
| 17:08 | Queue | Missionary |
| 17:18 | Queue | Villager (Male) |
| 17:42 | Queue | Petard |
| 17:44 | Queue | Villager (Male) |
| 17:47 | Build | Farm |
| 17:47 | Build | Farm |
| 17:49 | Build | Farm |
| 18:09 | Queue | Petard |
| 18:14 | Build | Farm |
| 18:24 | Queue | Villager (Male) |
| 18:39 | Queue | Villager (Male) |
| 18:58 | Queue | Conquistador |
| 19:02 | Queue | Missionary |
| 19:08 | Build | Siege Workshop |
| 19:13 | Queue | Villager (Male) |
| 19:30 | Queue | Villager (Male) |
| 19:40 | Queue | Conquistador |
| 20:01 | Queue | Villager (Male) |
| 20:09 | Queue | Villager (Male) |
| 20:22 | Queue | Missionary |
| 20:31 | Queue | Villager (Male) |
| 20:35 | Queue | Battering Ram |
| 21:00 | Queue | Villager (Male) |
| 21:01 | Queue | Villager (Male) |
| 21:06 | Queue | Battering Ram |
| 21:33 | Build | Town Center |
| 21:50 | Queue | Conquistador |
| 22:04 | Queue | Battering Ram |
| 22:05 | Queue | Villager (Male) |
| 22:05 | Queue | Villager (Male) |
| 22:06 | Queue | Villager (Male) |
| 22:14 | Queue | Conquistador |
| 22:35 | Queue | Conquistador |
| 23:08 | Queue | Villager (Male) |
| 23:08 | Queue | Villager (Male) |
| 23:22 | Research | Sanctity |
| 23:32 | Build | Castle |
| 23:40 | Build | Farm |
| 23:40 | Build | Farm |
| 23:52 | Research | Wheelbarrow |
| 24:06 | Queue | Villager (Male) |
| 24:11 | Research | Heavy Plow |
| 24:25 | Build | House |
| 24:26 | Build | House |
| 24:27 | Build | House |
| 24:28 | Build | House |
| 24:46 | Research | Redemption |
| 24:55 | Build | Barracks |
| 25:03 | Build | Mining Camp |
| 25:29 | Build | Mining Camp |
| 25:39 | Queue | Villager (Male) |
| 25:40 | Queue | Villager (Male) |
| 25:58 | Queue | Missionary |
| 25:59 | Research | Fervor |
| 26:08 | Queue | Villager (Male) |
| 26:09 | Queue | Villager (Male) |
| 26:14 | Queue | Monk |
| 26:20 | Build | Mining Camp |
| 26:21 | Queue | Villager (Male) |
| 26:21 | Queue | Villager (Male) |
| 26:22 | Queue | Villager (Male) |
| 26:29 | Build | Monastery |
| 26:41 | Queue | Conquistador |
| 26:41 | Queue | Conquistador |
| 26:41 | Queue | Conquistador |
| 26:42 | Queue | Conquistador |
| 27:07 | Queue | Missionary |
| 27:08 | Research | Fervor |
| 27:08 | Queue | Missionary |
| 27:10 | Queue | Villager (Male) |
| 27:15 | Queue | Conquistador |
| 27:26 | Build | Town Center |
| 27:39 | Queue | Villager (Male) |
| 27:39 | Queue | Villager (Male) |
| 27:39 | Queue | Villager (Male) |
| 27:40 | Queue | Villager (Male) |
| 27:58 | Build | House |
| 27:59 | Build | House |
| 27:59 | Build | House |
| 28:00 | Build | House |
| 28:13 | Build | House |
| 28:14 | Build | House |
| 28:54 | Queue | Villager (Male) |
Match timeline
| 9:17 | Fr4ggi · first_building Barracks |
| 10:56 | massimo_oddo · age_up feudal |
| 10:57 | Quando · age_up feudal |
| 11:04 | Fr4ggi · age_up feudal |
| 11:36 | PJtheDcoy · age_up feudal |
| 11:37 | leozizu · age_up feudal |
| 11:38 | Fr4ggi · first_building Stable |
| 11:46 | Relief · age_up feudal |
| 11:50 | massimo_oddo · first_market_sell 100 stone |
| 11:59 | Pepelu_wins · age_up feudal |
| 13:29 | Pepelu_wins · first_market_sell 100 wood |
| 13:30 | Pepelu_wins · first_market_buy 100 food |
| 13:55 | goi1337 · age_up feudal |
| 14:09 | PJtheDcoy · first_building Barracks |
| 14:27 | Quando · age_up castle |
| 14:30 | massimo_oddo · age_up castle |
| 14:43 | Quando · first_building Castle |
| 14:57 | leozizu · age_up castle |
| 15:10 | massimo_oddo · first_building Castle |
| 15:18 | massimo_oddo · first_building Monastery |
| 15:26 | leozizu · first_building Castle |
| 15:59 | Relief · age_up castle |
| 16:00 | Quando · first_market_buy 100 food |
| 16:02 | PJtheDcoy · age_up castle |
| 16:10 | PJtheDcoy · first_building Castle |
| 16:11 | Fr4ggi · age_up castle |
| 16:12 | Pepelu_wins · age_up castle |
| 16:12 | Quando · first_building Monastery |
| 16:39 | Relief · first_building Monastery |
| 17:04 | Quando · first_market_sell 100 stone |
| 17:08 | Relief · first_building Castle |
| 17:31 | goi1337 · age_up castle |
| 17:38 | goi1337 · first_building Siege Workshop |
| 17:47 | goi1337 · first_building Monastery |
| 17:55 | massimo_oddo · first_building Siege Workshop |
| 18:17 | goi1337 · first_market_buy 100 food |
| 19:00 | PJtheDcoy · first_building Siege Workshop |
| 19:08 | Quando · first_building Siege Workshop |
| 19:30 | massimo_oddo · wall_segment Stone Wall x1 |
| 19:35 | massimo_oddo · wall_segment Stone Wall x1 |
| 19:47 | goi1337 · wall_segment Stone Wall x1 |
| 19:48 | goi1337 · wall_segment Stone Wall x1 |
| 20:09 | leozizu · wall_segment Stone Wall x3 |
| 20:17 | leozizu · wall_segment Stone Wall x2 |
| 20:40 | Pepelu_wins · first_building Castle |
| 21:34 | massimo_oddo · first_market_buy 100 wood |
| 21:34 | goi1337 · age_up imperial |
| 21:35 | Fr4ggi · first_building Siege Workshop |
| 21:51 | Relief · first_building Barracks |
| 23:38 | Relief · first_building Stable |
| 24:05 | goi1337 · first_building Barracks |
| 24:55 | Quando · first_building Barracks |
| 25:10 | goi1337 · first_building Stable |
| 26:29 | massimo_oddo · wall_segment Stone Wall x1 |
| 26:45 | massimo_oddo · wall_segment Palisade Wall x1 |
| 28:17 | Pepelu_wins · first_building Barracks |
| 28:25 | Pepelu_wins · tribute_sent a jugador 1 |
| 28:25 | Pepelu_wins · tribute_sent a jugador 2 |
| 28:25 | Pepelu_wins · tribute_sent a jugador 3 |
| 28:25 | Pepelu_wins · tribute_sent a jugador 4 |
| 28:25 | Pepelu_wins · tribute_sent a jugador 6 |
| 28:25 | Pepelu_wins · tribute_sent a jugador 7 |
| 28:25 | Pepelu_wins · tribute_sent a jugador 8 |
| 29:20 | Pepelu_wins · first_building Stable |
| 29:25 | Pepelu_wins · first_building Archery Range |
| 29:40 | Pepelu_wins · first_building Siege Workshop |
| 30:22 | massimo_oddo · wall_segment Stone Wall x1 |
| 30:48 | Pepelu_wins · age_up imperial |
| 30:53 | Relief · age_up imperial |
| 31:26 | massimo_oddo · wall_segment Stone Wall x1 |
| 31:32 | massimo_oddo · wall_segment Stone Wall x5 |
| 31:42 | PJtheDcoy · first_building Archery Range |
| 32:12 | PJtheDcoy · age_up imperial |
| 33:30 | massimo_oddo · wall_segment Stone Wall x4 |
| 33:31 | massimo_oddo · wall_segment Stone Wall x1 |
| 33:32 | massimo_oddo · wall_segment Stone Wall x1 |
| 33:44 | leozizu · first_market_sell 500 stone |
| 33:48 | Quando · wall_segment Stone Wall x6 |
| 34:14 | Quando · wall_segment Stone Wall x1 |
| 34:15 | Quando · wall_segment Stone Wall x1 |
| 34:15 | Quando · wall_segment Stone Wall x1 |
| 34:17 | Relief · first_market_sell 500 wood |
| 34:26 | leozizu · first_building Monastery |
| 34:32 | Fr4ggi · age_up imperial |
| 34:42 | Quando · wall_segment Stone Wall x1 |
| 34:56 | Fr4ggi · first_market_sell 500 food |
| 35:12 | massimo_oddo · wall_segment Stone Wall x1 |
| 35:14 | massimo_oddo · wall_segment Stone Wall x1 |
| 35:20 | goi1337 · tribute_sent a jugador 1 |
| 35:20 | goi1337 · tribute_sent a jugador 2 |
| 35:20 | goi1337 · tribute_sent a jugador 4 |
| 35:20 | goi1337 · tribute_sent a jugador 5 |
| 35:20 | goi1337 · tribute_sent a jugador 6 |
| 35:20 | goi1337 · tribute_sent a jugador 7 |
| 35:20 | goi1337 · tribute_sent a jugador 8 |
| 37:24 | Relief · tribute_sent a jugador 1 |
| 37:24 | Relief · tribute_sent a jugador 2 |
| 37:24 | Relief · tribute_sent a jugador 3 |
| 37:24 | Relief · tribute_sent a jugador 5 |
| 37:24 | Relief · tribute_sent a jugador 6 |
| 37:24 | Relief · tribute_sent a jugador 7 |
| 37:24 | Relief · tribute_sent a jugador 8 |
| 37:29 | Fr4ggi · tribute_sent a jugador 1 |
| 37:29 | Fr4ggi · tribute_sent a jugador 2 |
| 37:29 | Fr4ggi · tribute_sent a jugador 3 |
| 37:29 | Fr4ggi · tribute_sent a jugador 4 |
| 37:29 | Fr4ggi · tribute_sent a jugador 5 |
| 37:29 | Fr4ggi · tribute_sent a jugador 7 |
| 37:29 | Fr4ggi · tribute_sent a jugador 8 |
| 38:20 | Quando · wall_segment Stone Wall x4 |
| 40:25 | Fr4ggi · first_building Castle |
| 40:49 | Fr4ggi · first_building Archery Range |
| 40:49 | Quando · age_up imperial |
| 41:13 | goi1337 · first_market_sell 100 wood |
| 41:39 | Fr4ggi · wall_segment Stone Wall x11 |
| 41:40 | leozizu · first_market_buy 100 stone |
| 41:43 | leozizu · wall_segment Stone Wall x12 |
| 42:01 | Quando · first_building Archery Range |
| 42:20 | Relief · tribute_sent a jugador 1 |
| 42:20 | Relief · tribute_sent a jugador 2 |
| 42:20 | Relief · tribute_sent a jugador 3 |
| 42:20 | Relief · tribute_sent a jugador 5 |
| 42:20 | Relief · tribute_sent a jugador 6 |
| 42:20 | Relief · tribute_sent a jugador 7 |
| 42:20 | Relief · tribute_sent a jugador 8 |
| 42:23 | Fr4ggi · wall_segment Stone Wall x9 |
| 42:28 | PJtheDcoy · tribute_sent a jugador 1 |
| 42:28 | PJtheDcoy · tribute_sent a jugador 3 |
| 42:28 | PJtheDcoy · tribute_sent a jugador 4 |
| 42:28 | PJtheDcoy · tribute_sent a jugador 5 |
| 42:28 | PJtheDcoy · tribute_sent a jugador 6 |
| 42:28 | PJtheDcoy · tribute_sent a jugador 7 |
| 42:28 | PJtheDcoy · tribute_sent a jugador 8 |
| 43:16 | Relief · first_building Archery Range |
| 43:20 | Quando · wall_segment Stone Wall x6 |
| 43:56 | Relief · tribute_sent a jugador 1 |
| 43:56 | Relief · tribute_sent a jugador 2 |
| 43:56 | Relief · tribute_sent a jugador 3 |
| 43:56 | Relief · tribute_sent a jugador 5 |
| 43:56 | Relief · tribute_sent a jugador 6 |
| 43:56 | Relief · tribute_sent a jugador 7 |
| 43:56 | Relief · tribute_sent a jugador 8 |
| 45:34 | Fr4ggi · tribute_sent a jugador 1 |
| 45:34 | Fr4ggi · tribute_sent a jugador 2 |
| 45:34 | Fr4ggi · tribute_sent a jugador 3 |
| 45:34 | Fr4ggi · tribute_sent a jugador 4 |
| 45:34 | Fr4ggi · tribute_sent a jugador 5 |
| 45:34 | Fr4ggi · tribute_sent a jugador 7 |
| 45:34 | Fr4ggi · tribute_sent a jugador 8 |
| 46:13 | PJtheDcoy · wall_segment Stone Wall x1 |
| 46:33 | PJtheDcoy · first_market_buy 100 stone |
| 47:45 | massimo_oddo · first_building Barracks |
| 48:41 | massimo_oddo · first_building Stable |
| 49:29 | PJtheDcoy · wall_segment Stone Wall x1 |
| 49:59 | leozizu · wall_segment Stone Wall x1 |
| 50:01 | leozizu · wall_segment Stone Wall x3 |
| 50:14 | leozizu · wall_segment Stone Wall x1 |
| 52:03 | PJtheDcoy · wall_segment Stone Wall x25 |
| 55:44 | massimo_oddo · age_up imperial |
| 57:33 | goi1337 · tribute_sent a jugador 1 |
| 57:33 | goi1337 · tribute_sent a jugador 2 |
| 57:33 | goi1337 · tribute_sent a jugador 4 |
| 57:33 | goi1337 · tribute_sent a jugador 5 |
| 57:33 | goi1337 · tribute_sent a jugador 6 |
| 57:33 | goi1337 · tribute_sent a jugador 7 |
| 57:33 | goi1337 · tribute_sent a jugador 8 |
| 60:25 | goi1337 · tribute_sent a jugador 1 |
| 60:25 | goi1337 · tribute_sent a jugador 2 |
| 60:25 | goi1337 · tribute_sent a jugador 4 |
| 60:25 | goi1337 · tribute_sent a jugador 5 |
| 60:25 | goi1337 · tribute_sent a jugador 6 |
| 60:25 | goi1337 · tribute_sent a jugador 7 |
| 60:25 | goi1337 · tribute_sent a jugador 8 |
| 65:42 | Fr4ggi · tribute_sent a jugador 1 |
| 65:42 | Fr4ggi · tribute_sent a jugador 2 |
| 65:42 | Fr4ggi · tribute_sent a jugador 3 |
| 65:42 | Fr4ggi · tribute_sent a jugador 4 |
| 65:42 | Fr4ggi · tribute_sent a jugador 5 |
| 65:42 | Fr4ggi · tribute_sent a jugador 7 |
| 65:42 | Fr4ggi · tribute_sent a jugador 8 |
| 65:46 | Relief · tribute_sent a jugador 1 |
| 65:46 | Relief · tribute_sent a jugador 2 |
| 65:46 | Relief · tribute_sent a jugador 3 |
| 65:46 | Relief · tribute_sent a jugador 5 |
| 65:46 | Relief · tribute_sent a jugador 6 |
| 65:46 | Relief · tribute_sent a jugador 7 |
| 65:46 | Relief · tribute_sent a jugador 8 |
| 69:21 | Quando · wall_segment Stone Wall x5 |
| 70:21 | Quando · wall_segment Stone Wall x1 |
| 70:37 | PJtheDcoy · wall_segment Stone Wall x1 |
| 70:38 | PJtheDcoy · wall_segment Stone Wall x1 |
| 70:39 | PJtheDcoy · wall_segment Stone Wall x1 |
| 70:40 | PJtheDcoy · wall_segment Stone Wall x1 |
| 70:51 | Pepelu_wins · resign |
[ AI ANALYSIS · 1 CREDIT ]
What really happened in this match?
Wolo.gg analyzes every decision: build order, eco, micro, common mistakes by bracket. Personalized analysis on WhatsApp or Discord in 30 seconds.
Civ guide
Burgundians
Perfil
Jugador #2141671